AoeStats
← Lost My Scout

Black Forest

509983808Analyzed
4v4 RM · 2d ago on Sep 28, 2026· 100m 30s· 8 players
Game mode
Random Map
Map size
Large (8 player)
Population
200
Speed
Normal
Resources
Standard
Victory
Conquest
Starting age
Dark Age
Ending age
Imperial Age
RankedLock teamsTeams togetherTeam positionsShared explorationLock speedFull tech treeHidden civsTurbo modeCheats
Victory
Defeat
🇺🇸 Slavs · United States
846
+8
🇩🇪 Saracens · Germany
838
+9
🇺🇸 Gurjaras · United States
817
+9
🇨🇱 Portuguese · Chile
814
+10
🇧🇷 Burgundians · Brazil
758
-11
🇮🇳 Franks · India
666
-9
🇲🇽 Goths · Mexico
650
-9
🇫🇷 Huns · France
590
-7
ToNi0
11:09 Feudal Age
21:26 Castle Age
19:30 Stone Mining
22:08 Double-Bit Axe
27:59 Horse Collar
35:23 Imperial Age
34:35 Gold Mining
36:00 Caravan
35:54 Pikeman
36:35 Squires
38:48 Gold Shaft Mining
38:17 Man-at-Arms
38:46 Arson
38:25 Elite Skirmisher
39:12 Thumb Ring
40:16 Heavy Plow
39:56 Crossbowman
41:44 Wheelbarrow
40:55 Town Watch
41:32 Masonry
41:27 Long Swordsman
43:09 Hand Cart
43:17 Bow Saw
43:08 Two-Handed Swordsman
44:44 Coinage
44:55 Forging
44:45 Scale Mail Armor
44:51 Scale Barding Armor
44:47 Padded Archer Armor
44:37 Fletching
45:48 Conscription
46:15 Parthian Tactics
46:35 Elite Tarkan
47:43 Heavy Cavalry Archer
48:44 Leather Archer Armor
48:25 Bodkin Arrow
48:38 Town Patrol
49:30 Marauders
50:25 Iron Casting
50:05 Chain Mail Armor
50:11 Chain Barding Armor
51:13 Sappers
80:42 Bracer
81:43 Blast Furnace
81:18 Plate Barding Armor
jafet.rdz.v
11:01 Feudal Age
16:30 Castle Age
20:30 Loom
21:21 Wheelbarrow
21:03 Horse Collar
27:56 Gold Mining
28:48 Forging
30:02 Scale Mail Armor
29:55 Double-Bit Axe
31:47 Hand Cart
35:42 Imperial Age
34:32 Town Watch
35:26 Iron Casting
35:08 Chain Mail Armor
37:03 Town Patrol
38:11 Blast Furnace
37:20 Scale Barding Armor
40:02 Chemistry
39:46 Cavalier
40:26 Husbandry
41:09 Pikeman
41:49 Squires
43:46 Halberdier
49:25 Chain Barding Armor
48:30 Halberdier
67:44 Bow Saw
hangover
0:37 Loom
10:55 Feudal Age
12:52 Double-Bit Axe
21:01 Castle Age
19:47 Gold Mining
19:47 Stone Mining
21:08 Man-at-Arms
21:49 Squires
22:21 Pikeman
27:52 Long Swordsman
28:18 Arson
33:13 Bow Saw
33:43 Gold Shaft Mining
32:39 Ordonnance Companies
33:50 Caravan
34:20 Coinage
37:23 Imperial Age
36:28 Town Watch
37:19 Wheelbarrow
37:29 Elite Throwing Axeman
40:07 Chemistry
39:18 Masonry
39:29 Ballistics
39:20 Fortified Wall
39:06 Murder Holes
39:03 Halberdier
39:04 Two-Handed Swordsman
39:30 Gambesons
39:45 Capped Ram
41:16 Town Patrol
41:40 Hand Cart
43:34 Architecture
42:51 Arrowslits
44:16 Siege Engineers
44:34 Husbandry
43:54 Cavalier
50:35 Heavy Scorpion
75:56 Banking
theilor.taiariol
11:49 Feudal Age
14:03 Double-Bit Axe
14:00 Horse Collar
15:45 Heavy Plow
22:05 Castle Age
20:40 Stone Mining
20:46 Gold Mining
21:19 Bow Saw
22:33 Caravan
25:59 Two-Man Saw
26:15 Crop Rotation
25:10 Cavalier
27:57 Scale Mail Armor
27:54 Elite Skirmisher
28:28 Fletching
30:51 Husbandry
32:45 Coinage
32:52 Coinage
37:33 Imperial Age
35:44 Scale Barding Armor
35:54 Chain Mail Armor
35:50 Forging
38:31 Paladin
40:41 Elite Coustillier
41:41 Conscription
41:28 Burgundian Vineyards
46:29 Iron Casting
46:09 Chain Mail Armor
46:15 Chain Barding Armor
45:52 Bodkin Arrow
45:57 Padded Archer Armor
64:04 Plate Barding Armor
63:59 Plate Mail Armor
64:33 Blast Furnace
63:50 Leather Archer Armor
63:35 Bracer
Dremora
5:52 Loom
10:39 Feudal Age
11:07 Horse Collar
11:51 Double-Bit Axe
22:41 Castle Age
20:58 Gold Mining
22:40 Fletching
23:44 Bow Saw
23:36 Heavy Plow
24:13 Stone Mining
26:32 Wheelbarrow
27:15 Hand Cart
28:29 Town Watch
29:01 Caravan
33:16 Imperial Age
32:06 Fervor
32:56 Circumnavigation
35:22 Chemistry
34:42 Ballistics
35:29 Treadmill Crane
38:43 Arquebus
39:05 Conscription
39:46 Siege Engineers
40:50 Elite Organ Gun
45:17 Bodkin Arrow
45:23 Padded Archer Armor
45:34 Forging
45:24 Scale Mail Armor
50:34 Bracer
50:50 Leather Archer Armor
51:10 Iron Casting
50:51 Chain Mail Armor
50:42 Scale Barding Armor
51:19 Stone Shaft Mining
62:04 Fortified Wall
62:05 Masonry
67:46 Architecture
68:21 Blast Furnace
67:52 Ring Archer Armor
71:24 Thumb Ring
93:12 Plate Mail Armor
93:02 Chain Barding Armor
92:14 Crossbowman
LappeN³ | 5eth
0:34 Loom
13:00 Feudal Age
14:48 Double-Bit Axe
14:58 Gold Mining
15:01 Stone Mining
16:28 Horse Collar
20:24 Wheelbarrow
22:39 Castle Age
23:37 Heavy Plow
28:57 Imperial Age
31:39 Elite Skirmisher
37:00 Chemistry
37:38 Fortified Wall
41:23 Hoardings
41:10 Bimaristan
41:39 Murder Holes
43:11 Redemption
43:01 Atonement
43:12 Fervor
43:17 Block Printing
43:28 Illumination
43:03 Devotion
43:24 Sanctity
43:00 Herbal Medicine
43:41 Theocracy
43:53 Bow Saw
46:51 Onager
48:23 Caravan
48:39 Bloodlines
48:41 Pikeman
49:39 Husbandry
50:08 Forging
50:05 Scale Barding Armor
50:54 Siege Onager
54:17 Conscription
54:59 Heavy Camel Rider
57:11 Squires
60:50 Hand Cart
68:12 Two-Man Saw
88:33 Chain Barding Armor
88:50 Iron Casting
90:13 Crossbowman
90:59 Thumb Ring
91:13 Arbalester
97:05 Counterweights
96:59 Town Watch
98:20 Parthian Tactics
Lost My Scout
0:32 Loom
14:15 Feudal Age
15:51 Horse Collar
16:03 Double-Bit Axe
16:11 Stone Mining
16:56 Gold Mining
24:19 Castle Age
22:39 Bloodlines
22:37 Arson
23:59 Scale Mail Armor
24:10 Forging
24:06 Scale Barding Armor
24:08 Fletching
25:40 Bow Saw
25:40 Heavy Plow
25:55 Town Watch
27:05 Wheelbarrow
29:29 Town Patrol
30:42 Gold Shaft Mining
30:47 Stone Shaft Mining
31:17 Hand Cart
31:57 Fortified Wall
32:01 Masonry
32:48 Caravan
35:55 Imperial Age
33:32 Bodkin Arrow
34:21 Treadmill Crane
35:02 Ballistics
34:38 Murder Holes
34:59 Fervor
34:46 Herbal Medicine
35:08 Devotion
35:50 Kshatriyas
35:37 Light Cavalry
36:21 Husbandry
35:44 Man-at-Arms
37:06 Conscription
37:09 Frontier Guards
37:26 Hoardings
37:40 Crop Rotation
38:50 Chemistry
38:22 Architecture
38:27 Heavy Camel Rider
40:32 Chain Barding Armor
40:13 Bracer
40:49 Iron Casting
43:09 Hussar
51:51 Plate Barding Armor
51:33 Chain Mail Armor
52:34 Elite Chakram Thrower
57:04 Elite Shrivamsha Rider
62:16 Plate Mail Armor
Booger Flicker X
Connection lost

Rejoining the realm…

Still unreachable

The connection could not be restored.

Session expired

The server has moved on; the page needs a fresh start.